 Dungeon Crawl Stone Soup version 0.29.0-11-gd7f09526c8 (webtiles) character file.

Game seed: 3808025338380190372

2730 mortz the Destroyer (level 9, -1/59 HPs)
             Began as a Gnoll Conjurer on Sept 4, 2022.
             Was a Follower of Hepliaklqana.
             Shot with a bolt by an orc warrior (20 damage)
             ... on level 7 of the Dungeon on Sept 5, 2022.
             The game lasted 00:54:43 (10632 turns).

mortz the Destroyer (Gnoll Conjurer)               Turns: 10632, Time: 00:54:44

Health: -1/59      AC:  6    Str:  7    XL:     9   Next: 67%
Magic:  14/19      EV: 17    Int: 22    God:    Hepliaklqana [*.....]
Gold:   394        SH:  5    Dex: 10    Spells: 14/21 levels left

rFire   . . .      SeeInvis .   a - +0 dagger (elec)
rCold   + . .      Faith    .   (no shield)
rNeg    . . .      Spirit   .   c - +2 leather armour {rC+}
rPois   .          Reflect  +   (no helmet)
rElec   .          Harm     .   (no cloak)
rCorr   +          Rampage  .   H - +0 pair of gloves
Will    .....                   (no boots)
Stlth   +++.......              n - amulet of reflection
HPRegen 0.19/turn               t - ring of resist corrosion
MPRegen 0.16/turn               D - +4 ring of evasion

@: no status effects
A: reduced essence, fangs 1, strong nose, distributed training
a: Renounce Religion, Recall Ancestor, Ancestor Identity


You were on level 7 of the Dungeon.
You worshipped Hepliaklqana.
Hepliaklqana was aware of your devotion.
You visited 2 branches of the dungeon, and saw 8 of its levels.
You also visited: Sewer.

You collected 394 gold pieces.

Inventory:

Hand Weapons
 a - a +0 dagger of electrocution (weapon)
 h - a +1 short sword of venom
 k - a +1 short sword of protection {short}
 A - a +0 war axe
 E - a +0 rapier
 G - a +0 short sword of electrocution
Missiles
 m - 2 atropa-tipped darts {throwing}
 x - 7 poisoned darts {throwing}
Armour
 c - a +2 leather armour of cold resistance (worn)
 z - a +0 ring mail
 H - a +0 pair of gloves (worn)
 J - a +0 chain mail of positive energy
 L - a +2 robe of cold resistance
Jewellery
 n - an amulet of reflection (around neck)
 t - a ring of resist corrosion (left hand)
 D - a +4 ring of evasion (right hand)
Scrolls
 e - 4 scrolls of teleportation {@r4}
 f - 3 scrolls of magic mapping {!r}
 q - 4 scrolls of summoning
 r - 5 scrolls of amnesia
 w - 2 scrolls of fear
 y - a scroll of immolation
Potions
 b - 2 potions of magic
 g - 3 potions of resistance
 i - 3 potions of might
 j - 3 potions of curing
 l - 2 potions of mutation {unknown}
 o - 2 potions of invisibility {unknown}
 p - 2 potions of flight
 s - 2 potions of haste {@q3}
 v - 2 potions of attraction {unknown}
 B - a potion of heal wounds {@q2}
 C - a potion of brilliance {unknown}
 F - a potion of ambrosia {unknown}
 K - a potion of berserk rage


   Skills:
 + Level 4.6 Fighting
 + Level 4.6 Short Blades
 + Level 4.6 Long Blades
 + Level 4.6 Axes
 + Level 4.6 Maces & Flails
 + Level 4.6 Polearms
 + Level 4.6 Staves
 + Level 4.6 Ranged Weapons
 + Level 4.6 Throwing
 + Level 4.6 Armour
 + Level 6.6 Dodging
 + Level 6.3 Stealth
 + Level 4.6 Shields
 + Level 4.6 Unarmed Combat
 + Level 6.9 Spellcasting
 + Level 8.1 Conjurations
 + Level 3.8 Hexes
 + Level 3.8 Summonings
 + Level 3.8 Necromancy
 + Level 3.8 Translocations
 + Level 3.8 Transmutations
 + Level 3.8 Fire Magic
 + Level 3.8 Ice Magic
 + Level 3.8 Air Magic
 + Level 3.8 Earth Magic
 + Level 3.8 Poison Magic
 + Level 5.1 Invocations
 + Level 4.6 Evocations


You had 14 spell levels left.
You knew the following spells:

 Your Spells              Type           Power      Damage    Failure   Level
a - Magic Dart            Conj           100%       1d8       1%          1
b - Searing Ray           Conj           86%        2d7       1%          2
c - Iskenderun's Mystic   Conj/Tloc      34%        2d8       10%         4

Your spell library contained the following spells:

 Spells                   Type           Power      Damage    Failure   Level
 Sublimation of Blood     Necr           24%        N/A       3%          2
 Wereblood                Tmut           24%        N/A       3%          2
 Dazzling Flash           Conj/Hex       68%        N/A       3%          3
 Fulminant Prism          Conj/Hex       17%        3d11      10%         4
 Summon Hydra             Summ           12%        N/A       100%        7


Dungeon Overview and Level Annotations

Branches:
Dungeon (7/15)             Temple (1/1) D:5           Sewer (visited)

Altars:
Cheibriados
Dithmenos
Elyvilon
Fedhas
Gozag
Hepliaklqana
Kikubaaqudgha
Makhleb
Nemelex Xobeh
Qazlal
Ru
Sif Muna
Trog
Uskayaw
Wu Jian
Yredelemnul
Zin
The Shining One

Annotations:
D:1 exclusion: downstairs
D:4 Edmund
D:5 1 runed translucent door, exclusions: downstairs and 1 more exclusion, Crazy Yiuf
D:6 1 runed translucent door, freelancePsychic's ghost, novice MeHW


Innate Abilities, Weirdness & Mutations

Your life essence is reduced to manifest your ancestor. (-10% HP)
You have very sharp teeth.
Your uncanny sense of smell can sniff out nearby items.
Your experience applies equally to all skills.


Message History

Magic restored.
You swap places.
HP restored.
There is a stone staircase leading down here.
You climb downwards.
There is a stone staircase leading up here.
You swap places.
You swap places.
l - 2 murky green potions (gained 1)
Casting: Magic Dart (safe; 1% risk of failure)
Confirm with . or Enter, or press ? or * to list all spells.
Aiming: Searing Ray (safe; 1% risk of failure)
Press: ? - help, Shift-Dir - straight line, f - orc warrior
Aim: an orc warrior, wielding a +0 arbalest of freezing and wearing a +0 plate armour (ally target, 82% to hit)
The searing ray hits the orc warrior.
The orc warrior is lightly wounded. (Press . to maintain the ray.)
The orc shouts!
The orc warrior shoots a bolt.
The bolt hits you! The bolt freezes you.
An orc comes into view. It is wielding a +0 club.
The searing ray hits the orc warrior but does no damage.
The orc warrior is lightly wounded.
The orc warrior shoots a bolt.
The bolt hits you!! The bolt freezes you. Glurtz avoids your attack.
The searing ray hits the orc warrior.
The orc warrior is lightly wounded.
The orc warrior unwields a +0 arbalest of freezing.
The orc warrior wields a +0 flail of protection.
The orc warrior hits glurtz with a +0 flail of protection!!
Glurtz hits the orc warrior but does no damage.
Glurtz avoids your attack.
The searing ray hits the orc warrior.
The orc warrior is moderately wounded.
You finish channelling your searing ray.
The orc warrior unwields a +0 flail of protection.
The orc warrior wields a +0 arbalest of freezing.
It is covered in frost.
The orc warrior shoots a bolt.
The bolt barely misses glurtz.
The bolt barely misses you.
Glurtz hits the orc warrior but does no damage.
The orc warrior shoots a bolt.
The bolt barely misses glurtz.
The bolt hits you!!
You die...

#.... .# #.#.# #..#. K #.#.#
....#. ### ##.#.# ..... #..
....### #[..# #.# #.#... ∆
#...# #.# #.#.#####
#..)####o####.......#
#####...##(R(.o.......#..
<.......@..oo##...#...#..
......>....†......##...#......
.... ............)##...##..#..
.... #####...##.####...##..#..
#.. #...##..............# #..
#...############.####
#.########...### ##.####
#.#............# #......
####.#.......#.##.# #...##.


You could see the friendly glurtz the ancestor, an orc warrior (ally target) and
3 orcs.

Vanquished Creatures
  Sigmund (D:6)
  A wyvern (D:7)
  Menkaure (D:5)
  A water moccasin (D:6)
  A black bear (D:5)
  2 ogres
  5 phantoms
  A kobold brigand (D:7)
  2 scorpions
  A bullfrog (D:6)
  A necrophage (D:6)
  A water moccasin zombie (D:4)
  A vampire bat (D:4)
  A bullfrog zombie (D:4)
  4 hounds
  A gnoll bouda (D:6)
  3 jellies
  3 scorpion zombies (D:4)
  2 iguanas (D:5)
  8 orc wizards
  Terence (D:2)
  2 hound zombies (D:4)
  3 hound skeletons (D:4)
  A howler monkey zombie (D:4)
  A howler monkey skeleton (D:4)
  6 gnolls
  9 adders
  3 river rats (Sewer)
  A white imp (D:6)
  2 ufetubi (D:5)
  2 adder zombies (D:4)
  2 adder skeletons (D:4)
  A worm (D:3)
  3 dart slugs (D:1)
  3 fire bats (D:4)
  27 orcs
  2 spectral bats (D:4)
  14 ball pythons
  19 bats
  3 bat skeletons (D:4)
  A bat zombie (D:4)
  9 endoplasms
  8 giant cockroaches
  7 goblins
  13 hobgoblins
  A jackal (Sewer)
  12 kobolds
  8 quokkas
  A bat simulacrum (D:4)
  6 frilled lizards
  8 rats
220 creatures vanquished.

Vanquished Creatures (collateral kills)
  An orc (D:3)
1 creature vanquished.

Vanquished Creatures (others)
  An ancestor (D:7)
  3 withered plants (D:4)
4 creatures vanquished.

Grand Total: 225 creatures vanquished

Notes
Turn   | Place    | Note
-------+----------+-------------------------------------------
     0 | D:1      | mortz the Gnoll Conjurer began the quest for the Orb.
     0 | D:1      | Reached XP level 1. HP: 13/13 MP: 6/6
     0 | D:1      | magus.rc [v1.9.6]
   127 | D:1      | Reached XP level 2. HP: 19/19 MP: 5/7
   132 | D:1      | Learned a level 2 spell: Searing Ray
   459 | D:1      | Reached skill level 5 in Spellcasting
   459 | D:1      | Reached XP level 3. HP: 25/25 MP: 7/9
   627 | D:1      | Found a faded altar of an unknown god.
   826 | D:1      | Reached skill level 1 in Invocations
  1463 | D:2      | Noticed Terence
  1525 | D:2      | Reached skill level 1 in Fighting
  1525 | D:2      | Reached skill level 1 in Short Blades
  1525 | D:2      | Reached skill level 1 in Long Blades
  1525 | D:2      | Reached skill level 1 in Axes
  1525 | D:2      | Reached skill level 1 in Maces & Flails
  1525 | D:2      | Reached skill level 1 in Polearms
  1525 | D:2      | Reached skill level 1 in Staves
  1525 | D:2      | Reached skill level 1 in Ranged Weapons
  1525 | D:2      | Reached skill level 1 in Throwing
  1525 | D:2      | Reached skill level 1 in Armour
  1525 | D:2      | Reached skill level 1 in Shields
  1525 | D:2      | Reached skill level 1 in Unarmed Combat
  1525 | D:2      | Reached skill level 1 in Evocations
  1899 | D:2      | Killed Terence
  1900 | D:2      | Reached XP level 4. HP: 27/32 MP: 0/11
  2053 | D:3      | Reached skill level 1 in Hexes
  2053 | D:3      | Reached skill level 1 in Summonings
  2053 | D:3      | Reached skill level 1 in Necromancy
  2053 | D:3      | Reached skill level 1 in Translocations
  2053 | D:3      | Reached skill level 1 in Transmutations
  2053 | D:3      | Reached skill level 1 in Fire Magic
  2053 | D:3      | Reached skill level 1 in Ice Magic
  2053 | D:3      | Reached skill level 1 in Air Magic
  2053 | D:3      | Reached skill level 1 in Earth Magic
  2053 | D:3      | Reached skill level 1 in Poison Magic
  2118 | D:3      | Found a glowing drain.
  2157 | Sewer    | Entered a sewer
  2202 | Sewer    | Learned a level 4 spell: Iskenderun's Mystic Blast
  2433 | Sewer    | Reached XP level 5. HP: 23/37 MP: 0/12
  3408 | Sewer    | magus.rc [v1.9.6]
  3422 | D:3      | Found a glowing silver altar of Zin.
  3588 | D:3      | Found a burning altar of Makhleb.
  3600 | D:3      | Reached XP level 6. HP: 41/44 MP: 9/14
  3609 | D:3      | HP: 7/44 [orc/+0 mace (5)]
  3616 | D:3      | HP: 11/44 [orc/+0 hand axe (1)]
  3620 | D:3      | HP: 5/44 [orc wizard/puff of flame (7)]
  3636 | D:3      | HP: 4/44 [orc wizard/+0 dagger (3)]
  3640 | D:3      | Reached skill level 5 in Dodging
  4038 | D:3      | Found a glowing golden altar of the Shining One.
  4684 | D:4      | You pick up a book of Blood and begin reading...
  4684 | D:4      | You add the spells Sublimation of Blood, Wereblood and
                  | Summon Hydra to your library.
  4697 | D:4      | Noticed Edmund
  5139 | D:4      | Reached XP level 7. HP: 50/50 MP: 15/15
  5552 | D:4      | Reached skill level 5 in Stealth
  5917 | D:4      | Reached XP level 8. HP: 46/58 MP: 2/16
  6983 | D:5      | Entered Level 5 of the Dungeon
  7605 | D:5      | Found a staircase to the Ecumenical Temple.
  7618 | Temple   | Entered the Ecumenical Temple
  7652 | Temple   | Became a worshipper of Hepliaklqana the Forgotten
  8096 | D:5      | Found a runed translucent door.
  8097 | D:5      | Noticed Crazy Yiuf
  8350 | D:5      | Noticed Menkaure
  8355 | D:5      | Killed Menkaure
  8356 | D:5      | Reached XP level 9. HP: 58/65 MP: 12/18
  8638 | D:6      | Noticed Sigmund
  8777 | D:6      | Found a runed translucent door.
  8781 | D:6      | Noticed freelancePsychic's ghost (novice MeHW)
  8837 | D:6      | Reached skill level 8 in Conjurations
  9579 | D:6      | Killed Sigmund
  9580 | D:6      | Reached skill level 5 in Invocations
  9684 | D:6      | Reached * piety under Hepliaklqana
 10632 | D:7      | Shot with a bolt by an orc warrior

Illustrated notes

Levels and vault maps discovered:
D:1:      wander_arrival_desolate, layout_loops_ring,
          nicolae_ecumenical_lake_church
D:2:      layout_basic, minivault_4, uniq_terence
D:3:      layout_rooms, lemuel_crystal_altar, mainiacjoe_overflow_two_lobes,
          gup_sewer_entry_pipe
D:4:      layout_gridville, serial_undead, serial_undead_b, serial_undead_f,
          serial_undead_d, serial_undead_b, serial_undead_c, serial_undead_a,
          serial_undead_a, goddamned_bats, uniq_edmund
D:5:      layout_basic, temple_pool_b, uniq_crazy_yiuf_cottage, uniq_menkaure
D:6:      layout_basic, ebering_ghost_reflecting_pool,
          kennysheep_generic_room_8, uniq_sigmund
D:7:      layout_loops_cross
Temple:   nicolae_temple_superstar

Skill      XL: |  1  2  3  4  5  6  7  8  9 |
---------------+----------------------------+-----
Spellcasting   | 5 6 |  6.9
Invocations    | 1 2 3 4 5 |  5.1
Fighting       | 1 2 3 4 |  4.6
Short Blades   | 1 2 3 4 |  4.6
Long Blades    | 1 2 3 4 |  4.6
Axes           | 1 2 3 4 |  4.6
Maces & Flails | 1 2 3 4 |  4.6
Polearms       | 1 2 3 4 |  4.6
Staves         | 1 2 3 4 |  4.6
Ranged Weapons | 1 2 3 4 |  4.6
Throwing       | 1 2 3 4 |  4.6
Armour         | 1 2 3 4 |  4.6
Shields        | 1 2 3 4 |  4.6
Unarmed Combat | 1 2 3 4 |  4.6
Evocations     | 1 2 3 4 |  4.6
Hexes          | 1 2 3 |  3.8
Summonings     | 1 2 3 |  3.8
Necromancy     | 1 2 3 |  3.8
Translocations | 1 2 3 |  3.8
Transmutations | 1 2 3 |  3.8
Fire Magic     | 1 2 3 |  3.8
Ice Magic      | 1 2 3 |  3.8
Air Magic      | 1 2 3 |  3.8
Earth Magic    | 1 2 3 |  3.8
Poison Magic   | 1 2 3 |  3.8
Dodging        | 5 6 |  6.6
Stealth        | 5 6 |  6.3
Conjurations   | 8 |  8.1

Action                   |  1- 3 |  4- 6 |  7- 9 || total
-------------------------+-------+-------+-------++-------
Melee: Short sword       |    12 |    16 |    10 ||    38
       Bite              |     1 |       |     1 ||     2
 Cast: Magic Dart        |    34 |    34 |    63 ||   131
       Searing Ray       |    15 |    42 |    74 ||   131
       Iskenderun's Myst |       |       |     7 ||     7
Invok: Ancestor Identity |       |       |     1 ||     1
  Use: Scroll            |     4 |    10 |     2 ||    16
       Potion            |       |     8 |       ||     8
 Stab: Sleeping          |    12 |     6 |     6 ||    24
Armor: Robe              |       |    12 |     8 ||    20
Dodge: Dodged            |     3 |    66 |    63 ||   132
Block: Other             |       |    14 |    15 ||    29
       Reflection        |       |     1 |     1 ||     2
